 Dungeon Crawl Stone Soup version 0.26.1-10-gdfb7c7de75 (webtiles) character file.

Game seed: 10795806958154479773

1344 nightchill the Cudgeller (level 8, -5/49 HPs)
             Began as a Gargoyle Ice Elementalist on Apr 6, 2021.
             Was an Initiate of Okawaru.
             Slain by an ogre
             ... wielding a +0 giant spiked club
              (25 damage)
             ... on level 5 of the Dungeon.
             The game lasted 00:13:28 (7054 turns).

nightchill the Cudgeller (GrIE)                     Turns: 7054, Time: 00:13:28

Health: -5/49      AC:  9    Str: 13    XL:     8   Next: 62%
Magic:  8/13       EV: 12    Int: 17    God:    Okawaru [......]
Gold:   212        SH:  0    Dex: 10    Spells: 9/13 levels left

rFire    . . .     SeeInvis .   a - +5 flail (holy)
rCold    . . .     Faith    .   (no shield)
rNeg     + . .     Spirit   .   w - +2 robe {Archmagi}
rPois    ∞         Reflect  .   (no helmet)
rElec    +         Harm     .   (no cloak)
rCorr    .         Rampage  .   (no gloves)
Will     .....                  (no boots)
Stlth    ++........             (no amulet)
HPRegen  0.16/turn              (no ring)
MPRegen  0.13/turn              (no ring)

@: frozen ramparts
A: negative energy resistance 1, electricity resistance, unbreathing,
petrification resistance, miasma immunity, AC +5
a: Renounce Religion


You were on level 5 of the Dungeon.
You worshipped Okawaru.
Okawaru was noncommittal.
You visited 2 branches of the dungeon, and saw 6 of its levels.

You collected 212 gold pieces.

Inventory:

Hand Weapons
 a - a +5 flail of holy wrath (weapon)
 b - a +2 mace of draining
 c - a +0 club
Armour
 m - +0 gold dragon scales
 v - a +0 robe
 w - a +2 robe of the Archmagi (worn)
 A - a +0 pair of boots
Jewellery
 f - an uncursed amulet of faith {unknown}
 l - a +4 ring of evasion {unknown}
 u - a +6 ring of strength {unknown}
 x - a +6 ring of dexterity {unknown}
Wands
 z - a wand of polymorph (7)
 C - a wand of iceblast (8)
Scrolls
 e - 5 scrolls of remove curse {unknown}
 g - 2 scrolls of teleportation {unknown}
 h - 2 scrolls of magic mapping {unknown}
 j - a scroll of random uselessness {unknown}
 k - 9 scrolls of identify {unknown}
 n - a scroll of blinking {unknown}
 o - 4 scrolls of noise {unknown}
 p - 2 scrolls of fear {unknown}
 s - 2 scrolls of enchant weapon {unknown}
 y - 2 scrolls of amnesia {unknown}
Potions
 d - 2 potions of curing {unknown}
 i - a potion of berserk rage {unknown}
 q - 3 potions of ambrosia {unknown}
 r - 2 potions of lignification {unknown}
 t - 4 potions of mutation {unknown}
 B - a potion of magic {unknown}
 D - a potion of degeneration {unknown}


   Skills:
 + Level 5.2 Fighting
 * Level 6.7 Maces & Flails
 - Level 1.5 Dodging
 - Level 2.1 Stealth
 - Level 3.4 Spellcasting
 - Level 6.0 Ice Magic
 + Level 1.4 Invocations


You had 9 spell levels left.
You knew the following spells:

 Your Spells              Type           Power        Failure   Level
a - Freeze                Ice            100%         1%          1
b - Frozen Ramparts       Ice            70%          4%          3

Your spell library contained the following spells:

 Spells                   Type           Power        Failure   Level
 Ozocubu's Armour         Ice            35%          4%          3
 Hailstorm                Conj/Ice       19%          43%         4
 Summon Ice Beast         Ice/Summ       19%          43%         4


Dungeon Overview and Level Annotations

Branches:
Dungeon (5/15)             Temple (1/1) D:5

Altars:
Ashenzari
Cheibriados
Dithmenos
Elyvilon
Fedhas
Gozag
Hepliaklqana
Kikubaaqudgha
Makhleb
Nemelex Xobeh
Okawaru
Qazlal
Sif Muna
Uskayaw
Vehumet
Wu Jian
Xom
Yredelemnul
Zin
The Shining One

Shops:
D:5 (?


Innate Abilities, Weirdness & Mutations

You are resistant to torment.
Your stone body is resilient. (AC +5)
You are immune to poison.
You resist negative energy. (rN+)
You are resistant to electric shocks. (rElec)
You can survive without breathing.
You are immune to petrification.
You are immune to miasma.


Message History

Casting: Frozen Ramparts (dangerous; 4% risk of failure)
Press: ? - help, Dir - look around, f - activate You feel a surge of power!
The walls around you are covered in ice.
The wall freezes the ogre.
The wall freezes the ogre.
You hit the ogre.
The ogre is moderately wounded.
The wall freezes the ogre!
The ogre hits you with a +0 giant spiked club!!
* * * LOW HITPOINT WARNING * * *
You barely miss the ogre.
The ogre is heavily wounded.
The wall freezes the ogre.
The ogre barely misses you.
You barely miss the ogre.
The ogre is severely wounded.
The wall freezes the ogre.
The ogre hits you with a +0 giant spiked club!!
Ouch! That really hurt!
You die...

#.. ... #.# #.#.# .
..... #.# #.#.#
###.#.# #.# #.#.#
#.#.# #.# #.#.#
#.#.# #.# #.#.##
#.#.# #.# #....#####
##.#.#
#.###.........
##....#####.##..@).#
.†..........#.###O##
.#.....†......# .[.
.##.#########.# .###
...... .... ##
....### ###### #####


You could see an ogre.

Vanquished Creatures
  Eustachio (D:4)
  Edmund (D:4)
  An ice beast (D:5)
  3 phantoms
  Blork the orc (D:4)
  A scorpion (D:4)
  A howler monkey (D:5)
  3 hounds
  A jelly (D:5)
  A bullfrog skeleton (D:5)
  4 orc priests
  2 iguanas (D:4)
  2 orc wizards
  Ijyb (D:5)
  2 worker ants (D:4)
  A hound zombie (D:5)
  3 adders
  A white imp (D:5)
  An ooze (D:2)
  2 worms
  A dart slug (D:1)
  A leopard gecko (D:5)
  15 orcs
  6 giant cockroaches
  7 goblins
  6 hobgoblins
  2 jackals (D:2)
  6 kobolds
  A quokka (D:5)
  A ball python (D:4)
  4 bats
  6 frilled lizards
  2 quokka skeletons
  A quokka zombie (D:5)
  10 rats
102 creatures vanquished.

Notes
Turn   | Place    | Note
-------+----------+-------------------------------------------
     0 | D:1      | nightchill the Gargoyle Ice Elementalist began the quest
                  | for the Orb.
     0 | D:1      | Reached XP level 1. HP: 10/10 MP: 3/3
   337 | D:1      | Reached XP level 2. HP: 11/16 MP: 5/5
  1088 | D:2      | Reached skill level 1 in Fighting
  1138 | D:2      | Reached skill level 1 in Maces & Flails
  1138 | D:2      | Reached XP level 3. HP: 20/20 MP: 3/6
  1241 | D:2      | Found a broken altar of Ashenzari.
  1636 | D:2      | Found a glowing silver altar of Zin.
  1750 | D:2      | Learned a level 3 spell: Frozen Ramparts
  2026 | D:2      | Found an ornate altar of the Wu Jian Council.
  2027 | D:2      | Found a white marble altar of Elyvilon.
  2273 | D:3      | Reached XP level 4. HP: 21/25 MP: 3/7
  2435 | D:3      | Found a glowing golden altar of the Shining One.
  3741 | D:4      | Reached XP level 5. HP: 11/30 MP: 3/9
  3933 | D:4      | Reached skill level 5 in Ice Magic
  3970 | D:4      | HP: 1/30 [orc wizard/puff of flame (7)]
  4143 | D:4      | Noticed Eustachio
  4273 | D:4      | Killed Eustachio
  4274 | D:4      | Reached XP level 6. HP: 5/36 MP: 6/10
  4691 | D:4      | Found a sparkling altar of Nemelex Xobeh.
  4841 | D:4      | Noticed Blork the orc
  4849 | D:4      | Killed Blork the orc
  4850 | D:4      | Reached XP level 7. HP: 28/40 MP: 5/12
  5769 | D:4      | Noticed Edmund
  5778 | D:4      | Killed Edmund
  5779 | D:4      | Reached skill level 5 in Maces & Flails
  6263 | D:5      | Entered Level 5 of the Dungeon
  6276 | D:5      | Reached XP level 8. HP: 46/48 MP: 9/13
  6406 | D:5      | Found a shimmering blue altar of Sif Muna.
  6515 | D:5      | Found Cieted's Magic Scroll Boutique.
  6556 | D:5      | Found Soqutzosh's Antique Weapon Shoppe.
  6572 | D:5      | Found a shimmering altar of Xom.
  6573 | D:5      | Noticed Ijyb
  6590 | D:5      | Killed Ijyb
  6717 | D:5      | Found a staircase to the Ecumenical Temple.
  6736 | Temple   | Entered the Ecumenical Temple
  6768 | Temple   | Became a worshipper of Warmaster Okawaru
  6907 | D:5      | Reached skill level 5 in Fighting
  6907 | D:5      | Reached skill level 1 in Invocations
  7054 | D:5      | Slain by an ogre

Illustrated notes

Levels and vault maps discovered:
D:1:      minmay_arrival_four_houses, layout_basic
D:2:      layout_loops_ring, nicolae_overflow_hidden_temple,
          evilmike_ruin_ashenzari, gammafunk_temple_overflow_pools,
          chequers_mini_garden
D:3:      layout_loops_corners, tso_metal_star, gup_sewer_entry_spiral,
          wad_orctagon
D:4:      layout_basic, nicolae_overflow_crystal_walls, st_stairs_8,
          eino_small_chamber_without_monster, chequers_jeans,
          uniq_blork_the_orc, uniq_edmund, uniq_eustachio
D:5:      layout_loops_ring, lemuel_coloured_pillars_altar, old_standard_altar,
          minmay_temple_entry_slanted, serial_shops, shop_scrolls, shop_statue,
          nicolae_shop_temple_entry_statues_fountains, uniq_ijyb
Temple:   nicolae_temple_great_sept

Skill      XL: |  1  2  3  4  5  6  7  8 |
---------------+-------------------------+-----
Fighting       | 1 2 4 5 |  5.2
Maces & Flails | 1 2 3 5 6 |  6.7
Ice Magic      | 5 6 |  6.0
Spellcasting   | 3 |  3.4
Invocations    | 1 |  1.4
Dodging        | |  1.5
Stealth        | |  2.1

Action                   |  1- 3 |  4- 6 |  7- 9 || total
-------------------------+-------+-------+-------++-------
Melee: Club              |    75 |    52 |       ||   127
       Unarmed           |     1 |       |       ||     1
       Mace              |       |    32 |    79 ||   111
       Flail             |       |       |    53 ||    53
 Cast: Freeze            |    38 |    28 |     3 ||    69
       Frozen Ramparts   |     1 |     2 |     8 ||    11
 Stab: Sleeping          |     2 |     1 |       ||     3
Armor: Robe              |    35 |    43 |    47 ||   125
Dodge: Dodged            |    78 |    67 |    54 ||   199
